 Dungeon Crawl Stone Soup version 0.26.1-16-g4e020e15dc (webtiles) character file.

Game seed: 9501788429064006735

23919 Froggeryz the Geomancer (level 12, -7/106 HPs)
             Began as a Demigod Wanderer on Mar 6, 2023.
             Mangled by a boulder beetle (32 damage)
             ... on level 1 of the Lair of Beasts.
             The game lasted 00:31:40 (22291 turns).

Froggeryz the Geomancer (Demigod Wanderer)         Turns: 22291, Time: 00:31:40

Health: -7/106     AC:  7    Str: 14    XL:     12   Next: 42%
Magic:  14/27      EV: 17    Int: 22    God:
Gold:   730        SH:  6    Dex: 18    Spells: 16/25 levels left

rFire    . . .     SeeInvis .   E - +3 whip (elec)
rCold    . . .     Faith    .   B - +1 buckler
rNeg     + . .     Spirit   .   F - +2 robe {Will+}
rPois    .         Reflect  .   Y - +1 helmet
rElec    .         Harm     .   (no cloak)
rCorr    .         Rampage  .   c - +0 pair of gloves
Will     ++...                  (no boots)
Stlth    ++........             p - amulet of magic regeneration
HPRegen  0.27/turn              G - ring of wizardry
MPRegen  0.45/turn              P - ring of positive energy

@: no status effects
A: high mp 1
a: no special abilities


You were on level 1 of the Lair of Beasts.
You visited 3 branches of the dungeon, and saw 16 of its levels.

You collected 730 gold pieces.

Inventory:

Hand Weapons
 E - a +3 whip of electrocution (weapon)
Missiles
 a - 10 boomerangs
 b - 10 poisoned darts (quivered)
 t - 51 stones
 A - 3 javelins
Armour
 c - a +0 pair of gloves (worn)
 B - a +1 buckler (worn)
 F - a +2 robe of willpower (worn)
 Y - a +1 helmet (worn)
Magical Staves
 U - an uncursed staff of air
Jewellery
 p - an amulet of magic regeneration (around neck)
 y - an uncursed ring of ice
 G - a ring of wizardry (left hand)
 J - an uncursed ring of see invisible
 K - a +4 ring of slaying
 P - a ring of positive energy (right hand)
 T - an uncursed ring of willpower {unknown}
 V - a +6 ring of intelligence {unknown}
Wands
 k - a wand of enslavement (9)
 C - a wand of digging (6)
 I - a wand of paralysis (1)
 L - a wand of disintegration (26)
 M - a wand of random effects (18)
 Q - a wand of iceblast (12)
 W - a wand of polymorph (20)
Scrolls
 e - 3 scrolls of magic mapping
 g - 7 scrolls of teleportation
 h - 4 scrolls of amnesia
 i - 2 scrolls of immolation
 j - 11 scrolls of remove curse
 l - 5 scrolls of enchant armour
 m - 8 scrolls of identify
 u - 2 scrolls of fear {unknown}
 v - a scroll of enchant weapon
 w - a scroll of acquirement {unknown}
 x - 4 scrolls of fog
 D - a scroll of silence {unknown}
 H - a scroll of vulnerability {unknown}
 N - a scroll of brand weapon {unknown}
 S - a scroll of blinking
 X - a scroll of summoning {unknown}
Potions
 d - a potion of lignification {unknown}
 f - 5 potions of curing {unknown}
 n - a potion of mutation {unknown}
 o - 2 potions of berserk rage {unknown}
 q - 3 potions of degeneration {unknown}
 r - 4 potions of might {unknown}
 s - 2 potions of flight {unknown}
 z - a potion of ambrosia {unknown}
 O - 2 potions of attraction {unknown}
 R - a potion of haste {unknown}


   Skills:
 + Level 10.2 Fighting
 - Level 0.8 Short Blades
 - Level 1.0 Throwing
 + Level 7.0 Dodging
 - Level 0.1 Stealth
 - Level 4.3 Shields
 + Level 7.4 Spellcasting
 - Level 6.0 Conjurations
 - Level 1.0 Necromancy
 - Level 1.0 Fire Magic
 + Level 11.7 Earth Magic
 - Level 1.0 Evocations


You had 16 spell levels left.
You knew the following spells:

 Your Spells              Type           Power        Failure   Level
a - Sandblast             Erth           100%         1%          1
b - Stone Arrow           Conj/Erth      94%          1%          3
c - Lee's Rapid Deconstr  Erth           28%          1%          5

Your spell library contained the following spells:

 Spells                   Type           Power        Failure   Level
 Passwall                 Tmut/Erth      28%          1%          2
 Petrify                  Tmut/Erth      34%          2%          4
 Sting                    Tmut/Pois      32%          3%          1
 Summon Small Mammal      Summ           32%          3%          1
 Ignite Poison            Fire/Tmut/Pois 9%           9%          3
 Call Canine Familiar     Summ           8%           10%         3
 Spider Form              Tmut/Pois      4%           10%         3
 Fireball                 Conj/Fire      11%          21%         5
 Starburst                Conj/Fire      11%          71%         6
 Ignition                 Fire           6%           100%        8


Dungeon Overview and Level Annotations

Branches:
Dungeon (13/15)            Temple (1/1) D:6            Lair (2/6) D:10
    Orc (0/2) D:10
  Swamp: Lair:2-4    Shoals: Lair:2-4     Snake: Lair:2-4    Spider: Lair:2-4
 Vaults: D:13-14

Portals:
Trove: D:10 (give +3 shadow dragon scales)

Annotations:
D:7 3 runed translucent doors, Placeboclown's ghost, novice VSBr
D:9 3 runed translucent doors, exclusion: obsidian statue, Sapher's ghost, novice BaIE


Innate Abilities, Weirdness & Mutations

You have an increased reservoir of magic. (+10% MP)


Message History

The boulder beetle is moderately wounded.
The boulder beetle bites you!
Casting: Stone Arrow (safe; 1% risk of failure)
Confirm with . or Enter, or press ? or * to list all spells.
Aiming: Stone Arrow (safe; 1% risk of failure)
Press: ? - help, Shift-Dir - straight line, f/p - boulder beetle
Aim: a boulder beetle (moderately wounded, 0% to evade)
The stone arrow hits the boulder beetle.
The boulder beetle is heavily wounded.
The boulder beetle bites you!
* * * LOW HITPOINT WARNING * * *
Casting: Stone Arrow (safe; 1% risk of failure)
Confirm with . or Enter, or press ? or * to list all spells.
Aiming: Stone Arrow (safe; 1% risk of failure)
Press: ? - help, Shift-Dir - straight line, f/p - boulder beetle
Aim: a boulder beetle (heavily wounded, 0% to evade)
The stone arrow hits the boulder beetle but does no damage.
The boulder beetle is heavily wounded.
The boulder beetle bites you!!
You die...

#....## #...#######....
##..>P# #..............
#.....# #####..............
##...######P##..............(
#...............##.#.###....
#...............P##### #....
##...............## ##...
#............B...# #...
##..........@....# #...
#P.......##P##...# #...
##.......#####...# ##...
#.......# #...# #....
#...#...# #...# ###...
#>#..#..## #...#######P#...
#.+..#...# ##...............
#.#..#..## #P..........)....
#....#..# ##.P##P###P#...##


You could see a boulder beetle.

Vanquished Creatures
  Kirke (D:12)
  A vault guard (D:10)
  A centaur warrior (D:13)
  A hydra (D:12)
  Erica (D:11)
  A two-headed ogre (D:9)
  Pikel (D:6)
  An ugly thing (D:12)
  A centaur zombie (D:11)
  2 cane toads (Lair:1)
  An orange demon (D:13)
  Psyche (D:9)
  2 kobold demonologists (D:12)
  2 komodo dragons (Lair:1)
  5 trolls
  Prince Ribbit (Lair:1)
  2 blink frogs (Lair:1)
  5 slime creatures
  36 yaks
  4 wraiths
  A hog (D:12)
  5 wyverns
  Grum (D:8)
  A soldier ant (D:13)
  6 water moccasins
  6 orc warriors
  3 ice beasts
  3 necrophages (D:11)
  5 sky beasts
  4 ogres
  4 wolves (D:7)
  10 centaurs
  A lemure (D:7)
  8 bullfrogs
  2 gnoll sergeants
  A wyvern zombie (D:11)
  2 scorpions (D:9)
  5 killer bees (D:10)
  4 wights (D:11)
  2 bullfrog zombies
  2 jellies
  11 orc priests
  3 hounds
  8 orc wizards
  5 quasits
  Ijyb (D:4)
  2 centaur skeletons
  Terence (D:3)
  4 iguanas
  5 worker ants
  3 hound zombies
  A hound skeleton (D:8)
  A worker ant zombie (D:11)
  14 adders
  10 gnolls
  4 white imps
  4 ufetubi
  An ooze (D:5)
  An adder skeleton (D:10)
  An adder zombie (D:7)
  3 worms
  2 dart slugs
  9 leopard geckos
  36 orcs
  2 ball pythons
  9 bats
  3 giant cockroaches
  11 goblins
  8 hobgoblins
  5 jackals
  2 quokkas
  7 frilled lizards
  A jackal skeleton (D:8)
  16 kobolds
  5 rats
  A bush (D:11)
346 creatures vanquished.

Vanquished Creatures (collateral kills)
  An orc wizard (D:8)
  An orc (D:8)
2 creatures vanquished.

Vanquished Creatures (others)
  2 humans (D:12)
  An orc wizard (D:12)
  5 iron imps (D:13)
  A bush (D:11)
  26 plants
35 creatures vanquished.

Grand Total: 383 creatures vanquished

Notes
Turn   | Place    | Note
-------+----------+-------------------------------------------
     0 | D:1      | Froggeryz the Demigod Wanderer began the quest for the Orb.
     0 | D:1      | Froggeryz set off with the following items: a +0 dagger, a
                  | +0 robe; and the following spells available to memorise:
                  | Sandblast, Sting, Summon Small Mammal, Passwall, Stone
                  | Arrow, Call Canine Familiar, Spider Form, Petrify, Lee's
                  | Rapid Deconstruction
     0 | D:1      | Reached XP level 1. HP: 14/14 MP: 7/7
     2 | D:1      | Learned a level 1 spell: Sandblast
   543 | D:1      | Reached skill level 2 in Earth Magic
   567 | D:1      | Reached XP level 2. HP: 8/22 MP: 9/9
  1140 | D:1      | Reached skill level 1 in Fighting
  1285 | D:1      | Reached skill level 1 in Dodging
  1499 | D:1      | Reached XP level 3. HP: 17/28 MP: 5/10
  2138 | D:2      | Reached skill level 3 in Earth Magic
  2439 | D:2      | Reached XP level 4. HP: 35/35 MP: 12/12
  3133 | D:3      | Noticed Terence
  3162 | D:3      | Killed Terence
  3325 | D:3      | Found an ancient bone altar of Kikubaaqudgha.
  3629 | D:3      | Found an ornate altar of the Wu Jian Council.
  3793 | D:4      | Reached XP level 5. HP: 28/41 MP: 10/13
  3921 | D:4      | Reached skill level 4 in Earth Magic
  4702 | D:4      | Noticed Ijyb
  4730 | D:4      | Killed Ijyb
  5064 | D:4      | Noticed a sky beast
  5089 | D:4      | Killed a sky beast
  5090 | D:4      | Reached XP level 6. HP: 20/51 MP: 14/14
  5321 | D:5      | Entered Level 5 of the Dungeon
  5634 | D:5      | Reached skill level 5 in Earth Magic
  6699 | D:5      | Reached XP level 7. HP: 46/57 MP: 15/15
  7237 | D:5      | Found a snail-covered altar of Cheibriados.
  7237 | D:5      | Found a glowing golden altar of the Shining One.
  7244 | D:5      | Found a shadowy altar of Dithmenos.
  7246 | D:5      | Found a broken altar of Ashenzari.
  7248 | D:5      | Found a hazy altar of Hepliaklqana.
  7590 | D:6      | Found a staircase to the Ecumenical Temple.
  8096 | Temple   | Entered the Ecumenical Temple
  8121 | D:7      | Noticed Pikel
  8323 | D:6      | Killed Pikel
  8324 | D:6      | Reached skill level 6 in Earth Magic
  8324 | D:6      | Reached XP level 8. HP: 20/67 MP: 16/16
  8748 | D:7      | Found a runed translucent gate.
  8748 | D:7      | Found a runed translucent gate.
  8748 | D:7      | Found a runed translucent gate.
  8755 | D:7      | Found an opulent altar of Gozag.
  8757 | D:7      | Noticed Placeboclown's ghost (novice VSBr)
  8776 | D:7      | Reached skill level 7 in Earth Magic
  9246 | D:7      | Reached skill level 5 in Fighting
  9554 | D:8      | Noticed Grum
  9566 | D:8      | HP: 1/68 [wolf[Grum] (6)]
  9874 | D:7      | Reached skill level 8 in Earth Magic
 10090 | D:8      | Killed Grum
 10443 | D:8      | Reached XP level 9. HP: 32/75 MP: 17/17
 10895 | D:8      | Found an iron altar of Okawaru.
 11190 | D:8      | Learned a level 3 spell: Stone Arrow
 11333 | D:8      | Reached skill level 1 in Conjurations
 12237 | D:9      | Noticed Psyche
 12245 | D:9      | Killed Psyche
 12246 | D:9      | Reached skill level 9 in Earth Magic
 12257 | D:9      | Found a hide-covered altar of Uskayaw.
 12335 | D:9      | Found a burning altar of Makhleb.
 12356 | D:9      | Found a glowing silver altar of Zin.
 12357 | D:9      | Noticed an Executioner
 12357 | D:9      | Noticed an angel
 13194 | D:9      | Noticed a two-headed ogre
 13204 | D:9      | Killed a two-headed ogre
 13271 | D:9      | Found a runed translucent gate.
 13271 | D:9      | Found a runed translucent gate.
 13271 | D:9      | Found a runed translucent gate.
 13272 | D:9      | Found an opulent altar of Gozag.
 13274 | D:9      | Noticed an obsidian statue
 13433 | D:9      | Noticed Sapher's ghost (novice BaIE)
 13671 | D:9      | Reached skill level 5 in Conjurations
 13753 | D:10     | Entered Level 10 of the Dungeon
 13814 | D:10     | Reached XP level 10. HP: 58/86 MP: 16/18
 14383 | D:10     | Found a shimmering altar of Xom.
 15313 | D:9      | Reached skill level 10 in Earth Magic
 15581 | D:10     | Found a staircase to the Lair.
 15636 | D:10     | Noticed a vault guard
 15643 | D:10     | Killed a vault guard
 15821 | D:10     | Found a portal to a secret trove of treasure.
 15971 | D:10     | Found a staircase to the Orcish Mines.
 16310 | D:11     | Noticed Erica
 16457 | D:11     | Killed Erica
 16622 | D:11     | Reached XP level 11. HP: 94/94 MP: 12/22
 16792 | D:11     | Reached skill level 5 in Spellcasting
 16820 | D:11     | Found a snail-covered altar of Cheibriados.
 16901 | D:11     | Found a blossoming altar of Fedhas.
 17813 | D:12     | Noticed Kirke
 17826 | D:12     | Noticed a lindwurm
 17831 | D:12     | Killed Kirke
 18257 | D:12     | Noticed a five-headed hydra
 18266 | D:12     | Killed a five-headed hydra
 18348 | D:12     | Reached skill level 5 in Dodging
 19125 | D:12     | Reached skill level 11 in Earth Magic
 19606 | D:13     | Found an ancient bone altar of Kikubaaqudgha.
 19734 | D:13     | Noticed a centaur warrior
 19747 | D:13     | Killed a centaur warrior
 20533 | D:13     | Learned a level 5 spell: Lee's Rapid Deconstruction
 20580 | D:13     | Noticed a centaur warrior
 20856 | D:13     | Noticed a skeletal warrior
 20860 | D:13     | Noticed a skeletal warrior
 20861 | D:13     | Noticed a skeletal warrior
 20884 | D:12     | Reached XP level 12. HP: 71/105 MP: 18/26
 20952 | Lair:1   | Entered Level 1 of the Lair of Beasts
 21341 | Lair:1   | Reached skill level 10 in Fighting
 21710 | Lair:1   | Noticed Prince Ribbit
 21712 | Lair:1   | Killed Prince Ribbit
 22276 | Lair:2   | Noticed a boulder beetle
 22291 | Lair:1   | Mangled by a boulder beetle

Illustrated notes

Levels and vault maps discovered:
D:1:      dpeg_arrival_tiny_a, layout_basic
D:2:      layout_basic
D:3:      layout_loops_ring, lemuel_doored_altar, nzn_wu_jian_council_hall,
          uniq_terence
D:4:      layout_loops_corners, guppyfry_early_lair_pool, uniq_ijyb
D:5:      layout_rooms, chequers_temple_overflow_minitemple
D:6:      layout_loops_ring, minmay_temple_entry_overgrown
D:7:      layout_loops_ring, ebering_ghost_gozag, uniq_pikel
D:8:      layout_gridville, okawaru_trees_2, uniq_grum
D:9:      layout_irregular_city, grunt_temple_overflow_order_and_chaos_2,
          eat_drink_and_be_merry_uskayaw, ebering_ghost_gozag,
          minmay_misc_feat_roman, lightli_orcish_oven, uniq_psyche
D:10:     kennysheep_big_flooded_room, layout_loops_ring,
          minmay_lair_entry_grove, enter_trove_5, tgw_xom
D:11:     layout_irregular_city, basic_altar, fedhas_altar_decomposition,
          uniq_erica
D:12:     layout_basic, uniq_kirke
D:13:     layout_irregular_city, lemuel_hellish_altar
Temple:   nicolae_temple_x_marks_the_god
Lair:1:   layout_chaotic_city, uniq_prince_ribbit2
Lair:2:   layout_cave_pods, nicolae_volcano_entry_two_sided, grunt_megastairs_3

Skill      XL: |  1  2  3  4  5  6  7  8  9 10 11 12 |
---------------+-------------------------------------+-----
Earth Magic    | 2 3 4 5 6 8 9 10 11 | 11.7
Fighting       | 1 2 3 4 5 7 8 9 10 | 10.2
Dodging        | 1 3 6 7 |  7.0
Shields        | 2 4 |  4.3
Conjurations   | 5 6 |  6.0
Spellcasting   | 4 6 7 |  7.4
Short Blades   | |  0.8
Throwing       | |  1.0
Stealth        | |  0.1
Necromancy     | |  1.0
Fire Magic     | |  1.0
Evocations     | |  1.0

Action                   |  1- 3 |  4- 6 |  7- 9 | 10-12 || total
-------------------------+-------+-------+-------+-------++-------
Melee: Dagger            |   197 |   127 |       |       ||   324
       Mace              |     1 |       |       |       ||     1
       Short sword       |       |    88 |    98 |       ||   186
       Whip              |       |       |   283 |   292 ||   575
Throw: Dart              |     1 |    20 |     9 |    15 ||    45
       Boomerang         |       |     1 |       |       ||     1
 Cast: Sandblast         |    15 |    27 |    10 |   181 ||   233
       Stone Arrow       |       |       |     7 |   132 ||   139
       Lee's Rapid Decon |       |       |       |     7 ||     7
Evoke: Wand              |       |       |     5 |     9 ||    14
  Use: Scroll            |       |     1 |     9 |     1 ||    11
       Potion            |       |     1 |     2 |     1 ||     4
 Stab: Sleeping          |     1 |     2 |     2 |     1 ||     6
       Distracted        |     1 |       |       |       ||     1
       Paralysed         |       |       |     2 |       ||     2
Armor: Robe              |    76 |       |    95 |    67 ||   238
       Leather armour    |     7 |    66 |    34 |       ||   107
Dodge: Dodged            |   126 |   152 |   276 |   264 ||   818
Block: Buckler           |       |       |   136 |   136 ||   272
